 Dungeon Crawl Stone Soup version 0.28.0-45-g0d030f2227 (console) character file.

Game seed: 13784842880108822892

18 CuBeRJAN3 the Cudgeller (level 2, -2/24 HPs)
             Began as a Human Cinder Acolyte on Apr 6, 2022.
             Was a High Priest of Ignis.
             Killed from afar by Natasha (5 damage)
             ... with a puff of flame
             ... on level 2 of the Dungeon.
             The game lasted 00:04:14 (1418 turns).

CuBeRJAN3 the Cudgeller (Human Cinder Acolyte)      Turns: 1418, Time: 00:04:15

Health: -2/24      AC:  2    Str: 14    XL:     2   Next: 90%
Magic:  3/3        EV: 11    Int: 14    God:    Ignis [*****.]
Gold:   15         SH:  0    Dex:  8    Spells: 3/3 levels left

rFire   + . .      SeeInvis .   a - -1 mace (flame)
rCold   . . .      Faith    .   (no shield)
rNeg    . . .      Spirit   .   b - +0 robe
rPois   .          Reflect  .   (no helmet)
rElec   .          Harm     .   (no cloak)
rCorr   .          Rampage  .   (no gloves)
Will    +....                   (no boots)
Stlth   +.........              (no amulet)
HPRegen 0.08/turn               d - ring of willpower
MPRegen 0.08/turn               (no ring)

@: rising, flying
A: no striking features
a: Renounce Religion, Fiery Armour, Foxfire Swarm


You were on level 2 of the Dungeon.
You worshipped Ignis.
Ignis was extremely pleased with you.
You visited 1 branch of the dungeon, and saw 2 of its levels.

You collected 15 gold pieces.

Inventory:

Hand Weapons
 a - a -1 mace of flaming (weapon)
Armour
 b - a +0 robe (worn)
Jewellery
 d - a ring of willpower (left hand)
Scrolls
 c - a scroll of magic mapping {unknown}
Potions
 e - a potion of curing {unknown}
 f - a potion of berserk rage {unknown}


   Skills:
 + Level 3.2 Fighting
 * Level 3.4 Maces & Flails
 + Level 0.8 Dodging
 - Level 1.0 Spellcasting
 - Level 3.0 Fire Magic


You had 3 spell levels left.
You didn't know any spells.
Your spell library contained the following spells:

 Spells                   Type           Power      Damage    Failure   Level
 Scorch                   Fire           18%        2d6       12%         2
 Magic Dart               Conj           0%         1d3       26%         1
 Call Imp                 Summ           0%         N/A       36%         2
 Mephitic Cloud           Conj/Pois/Air  0%         N/A       61%         3


Dungeon Overview and Level Annotations

Branches:
Dungeon (2/15)

Altars:

Annotations:
D:2 Natasha


Message History

There is a stone staircase leading up here.
Found a stone staircase leading up.
Found a robe.
A giant cockroach comes into view.
Found a book of Flames.
You hit the giant cockroach. You burn the giant cockroach.
The giant cockroach is heavily wounded.
The giant cockroach bites you.
The giant cockroach bites you but does no damage.
You barely miss the giant cockroach.
The giant cockroach is heavily wounded.
The giant cockroach bites you but does no damage.
You closely miss the giant cockroach.
The giant cockroach is heavily wounded.
The giant cockroach bites you. The giant cockroach closely misses you.
You closely miss the giant cockroach.
The giant cockroach is heavily wounded.
The giant cockroach bites you but does no damage.
You sock the giant cockroach! You burn the giant cockroach.
You kill the giant cockroach!
You see here a giant cockroach corpse.
Natasha, Servant of Life and Death comes into view.
She is carrying a wand of flame (18).
Natasha hisses angrily.
Natasha zaps a wand.
The puff of flame hits you. You resist.
Okay, then.
Unknown command.
You see here a giant cockroach corpse.
Natasha casts a spell at you. You resist with almost no effort.
There is a stone staircase leading up here.
You start resting.
Natasha is nearby!
Natasha zaps a wand.
The puff of flame hits you. You resist.
You barely miss Natasha.
Natasha zaps a wand.
The puff of flame hits you! You resist.
Natasha zaps a wand.
The puff of flame hits you. You resist.
* * * LOW HITPOINT WARNING * * *
There is a stone staircase leading up here.
You begin to rise into the air.
Natasha closely misses you.
Found 4 gold pieces.
Natasha zaps a wand.
The puff of flame hits you. You resist.
You die...

#########
........##########
.:....<..†.......#
........########h#
........##......<#
...[....##.###.#@#
....h...# ...#.#
........# #.# #.#
........# #. #.#
######+## # #.#
#.# #.# #$#


You could see Natasha.

Vanquished Creatures
  A dart slug (D:1)
  A ball python (D:1)
  4 bats (D:1)
  A giant cockroach (D:2)
  2 jackals (D:1)
  A frilled lizard (D:1)
  2 goblins (D:1)
  A kobold (D:1)
  4 rats (D:1)
17 creatures vanquished.

Vanquished Creatures (others)
  6 foxfires (D:1)
6 creatures vanquished.

Grand Total: 23 creatures vanquished

Notes
Turn   | Place    | Note
-------+----------+-------------------------------------------
     0 | D:1      | CuBeRJAN3 the Human Cinder Acolyte began the quest for the
                  | Orb.
     0 | D:1      | Reached XP level 1. HP: 18/18 MP: 2/2
   365 | D:1      | Reached XP level 2. HP: 24/24 MP: 3/3
   442 | D:1      | Found a faded altar of an unknown god.
  1398 | D:2      | Noticed Natasha
  1418 | D:2      | Killed from afar by Natasha

Illustrated notes

Levels and vault maps discovered:
D:1:      saegor_arrival_simple_d, layout_basic,
          dreamdust_ecumenical_altar_statues
D:2:      wad_lake_hut, layout_basic, uniq_natasha

Action                   || total
-------------------------++-------
Melee: Mace              ||    67
       Punch             ||     1
Invok: Foxfire Swarm     ||     1
       Rising Flame      ||     1
Armor: Robe              ||    30
Dodge: Dodged            ||    55
